AoeStats
← edgewize

Arabia

509607074Analyzed
1v1 RM · 4d ago on Sep 27, 2026· 54m 30s· 2 players
Game mode
Random Map
Map size
Tiny (2 player)
Population
200
Speed
Normal
Resources
Standard
Victory
Conquest
Starting age
Dark Age
Ending age
Imperial Age
RankedLock teamsTeams togetherTeam positionsShared explorationLock speedFull tech treeHidden civsTurbo modeCheats
Victory
Defeat
🇺🇸 Vietnamese · United States
626
+14
🇺🇸 Saxons · United States
575
-14
Razzles
4:54 Loom
10:20 Feudal Age
10:54 Double-Bit Axe
10:55 Man-at-Arms
12:24 Stone Mining
13:05 Arson
14:49 Wheelbarrow
16:34 Scale Mail Armor
17:41 Forging
22:49 Castle Age
21:27 Gold Mining
22:45 Fletching
22:57 Horse Collar
24:07 Squires
24:16 Elite Skirmisher
26:22 Town Watch
26:08 Long Swordsman
34:45 Imperial Age
33:51 Gold Shaft Mining
32:39 Pikeman
34:34 Ballistics
34:10 Murder Holes
35:29 Chain Mail Armor
35:55 Conscription
37:30 Heavy Plow
38:34 Shield Wall
39:40 Block Printing
42:18 Bodkin Arrow
42:05 Clerical Recruitment
42:28 Elite Varangian Guard
42:59 Halberdier
44:09 Siege Engineers
45:05 Chemistry
47:04 Husbandry
47:12 Light Cavalry
49:17 Bloodlines
48:29 Hussar
49:16 Elite Hearth Troop
50:19 Cranequins
edgewize
3:15 Loom
12:44 Feudal Age
17:33 Castle Age
16:00 Horse Collar
16:13 Double-Bit Axe
25:23 Elite Skirmisher
28:24 Wheelbarrow
29:37 Horse Collar
32:29 Light Cavalry
33:31 Heavy Plow
34:38 Bow Saw
36:47 Hand Cart
41:15 Imperial Age
39:36 Husbandry
44:44 Crop Rotation
44:30 Chatras
46:14 Paper Money
46:45 Imperial Skirmisher
53:00 Fletching
53:21 Forging
Connection lost

Rejoining the realm…

Still unreachable

The connection could not be restored.

Session expired

The server has moved on; the page needs a fresh start.